Map: Deathaura LE

Players

TeebuL

  • Race: Protoss Protoss
  • Spawn Location: 5:00

RazerBlader - Winner!

  • Race: Terran Terran
  • League: Grandmaster
  • Spawn Location: 11:00

Event: DreamHack SC2 Masters 2020 Winter

VOD

Have the link to the VOD?

Description

Time

  • Played on: Oct. 24, 2020, 5:07 a.m.
  • Length: 6:09

All games in this series

Show
View Real Time Build Order
Export as new Build Order

TeebuL Protoss 

Build Orders: 1 Gate Expand, Oracle Opening 

Get SALT Encoding   

  12  0:00  Probe  
  13  0:12  Probe  
  14  0:17  Pylon  
  14  0:24  Probe (Chrono Boost)  
  16  0:36  Probe (Chrono Boost)  
  16  0:37  Gateway  
  16  0:43  Probe (Chrono Boost)  
  16  0:45  Assimilator  
  17  0:50  Probe  
  18  1:03  Probe  
  19  1:15  Probe  
  20  1:20  Nexus  
  20  1:30  Cybernetics Core  
  20  1:32  Probe  
  21  1:38  Assimilator  
  21  1:44  Probe  
  22  1:47  Pylon  
  22  1:56  Probe  
  23  2:03  Adept (Chrono Boost)  
  23  2:08  Probe  
  25  2:21  Stargate  
  24  2:28  Probe  
  25  2:43  Probe  
  27  2:45  Stalker (Chrono Boost)  
  27  2:46  Probe  
  27  2:48  Warp Gate  
  29  2:55  Probe  
  29  2:58  Probe  
  31  3:05  Oracle (Chrono Boost)  
  33  3:13  Probe  
  33  3:28  Probe  
  33  3:32  Oracle (Chrono Boost)  
  34  3:34  Shield Battery  
  38  3:44  Stalker (Chrono Boost), Probe  
  40  3:49  Probe  
  40  3:56  Probe  
  40  4:01  Probe  
  42  4:05  Phoenix  
  44  4:14  Probe  
  45  4:18  Probe  
  46  4:27  Probe  
  44  4:35  Gateway x2  
  45  4:44  Stalker  
  46  4:47  Pylon  
  46  4:52  Probe  
  45  5:04  Probe x2  
  45  5:13  Twilight Council  
  45  5:16  Pylon, Probe x2  
  45  5:19  Stalker  
  49  5:28  Probe x2  
  48  5:31  Stalker x2  
  48  5:35  Shield Battery  
  52  5:45  Stalker  
  43  5:55  Stalker x2  
Show
View Real Time Build Order
Export as new Build Order

RazerBlader Terran - Winner!

Build Orders:  

Get SALT Encoding   

  12  0:00  SCV  
  13  0:12  SCV  
  14  0:18  Supply Depot  
  14  0:24  SCV  
  15  0:40  SCV, Barracks  
  16  0:47  Refinery  
  16  0:52  SCV  
  17  0:57  Refinery  
  17  1:04  SCV  
  18  1:16  SCV  
  19  1:27  Reaper  
  19  1:28  Orbital Command  
  20  1:44  Bunker  
  20  1:47  Factory  
  20  1:54  Supply Depot, SCV  
  20  2:00  Reaper  
  22  2:06  SCV  
  23  2:21  SCV  
  24  2:30  Hellion  
  24  2:32  Starport  
  24  2:33  SCV  
  27  2:47  Command Center  
  27  2:53  Factory Tech Lab  
  27  2:55  Supply Depot  
  27  3:00  SCV  
  28  3:09  Viking  
  30  3:19  SCV  
  30  3:31  SCV  
  29  3:34  Cyclone  
  29  3:40  Viking  
  34  3:44  SCV  
  35  3:50  Barracks  
  33  3:56  SCV  
  34  4:06  Cyclone  
  34  4:08  SCV  
  38  4:14  Viking  
  40  4:20  SCV  
  40  4:25  Barracks Reactor  
  36  4:32  SCV  
  37  4:41  Siege Tank  
  37  4:44  SCV  
  41  4:46  Orbital Command  
  41  4:53  Marine  
  41  4:56  SCV  
  41  4:58  Viking  
  43  5:08  SCV  
  43  5:10  Marine x2  
  43  5:12  SCV  
  46  5:16  Marine  
  47  5:22  Siege Tank  
  50  5:30  Marine, Viking  
  50  5:31  Marine  
  50  5:34  SCV  
  55  5:42  SCV  
  56  5:45  Marine  
  56  5:46  SCV  
  55  5:54  SCV  
Tags
 
Add a new tag
Caveats
  • Supply blocks, unpowered buildings, or Contaminate may cause inaccurate times.
  • Supply counts are checked every 10 seconds.